 Dungeon Crawl Stone Soup version 0.27.0-65-ge2af304b15 (webtiles) character file.

Game seed: 4158655850726367206

98 Ishikawa the Magician (level 4, -9/24 HPs)
             Began as a Deep Elf Hedge Wizard on Aug 18, 2021.
             Blown up by Ijyb (33 damage)
             ... with a mindburst bolt
             ... on level 3 of the Dungeon.
             The game lasted 00:09:06 (2976 turns).

Ishikawa the Magician (Deep Elf Hedge Wizard)       Turns: 2976, Time: 00:09:06

Health: -9/24      AC:  2    Str:  7    XL:     4   Next: 43%
Magic:  12/13      EV: 12    Int: 20    God:
Gold:   59         SH:  0    Dex: 14    Spells: 6/14 levels left

rFire    . . .     SeeInvis .   j - +0 short sword
rCold    . . .     Faith    .   (no shield)
rNeg     . . .     Spirit   .   k - +0 robe
rPois    +         Reflect  .   c - +0 hat
rElec    .         Harm     .   (no cloak)
rCorr    .         Rampage  .   (no gloves)
Will     .....                  (no boots)
Stlth    ++........             (no amulet)
HPRegen  0.08/turn              i - ring of poison resistance
MPRegen  0.13/turn              (no ring)

@: no status effects
A: no striking features
a: no special abilities


You were on level 3 of the Dungeon.
You visited 1 branch of the dungeon, and saw 3 of its levels.

You collected 59 gold pieces.

Inventory:

Hand Weapons
 j - a +0 short sword (weapon)
Armour
 c - a +0 hat (worn)
 k - a +0 robe (worn)
Jewellery
 i - a ring of poison resistance (left hand)
Scrolls
 a - 4 scrolls of identify {unknown}
 f - 2 scrolls of fear {unknown}
 g - a scroll of immolation {unknown}
 h - 2 scrolls of summoning {unknown}
 l - a scroll of magic mapping {unknown}
 m - 2 scrolls of teleportation {unknown}
Potions
 b - a potion of resistance {unknown}
 d - 2 potions of lignification {unknown}
 e - a potion of attraction {unknown}
 n - 2 potions of might {unknown}


   Skills:
 + Level 0.1 Fighting
 + Level 0.1 Short Blades
 + Level 2.8 Dodging
 + Level 2.8 Stealth
 + Level 5.6 Spellcasting
 * Level 2.3 Conjurations
 + Level 2.4 Summonings
 - Level 1.1 Translocations


You had 6 spell levels left.
You knew the following spells:

 Your Spells              Type           Power      Damage    Failure   Level
a - Magic Dart            Conj           60%        1d6       4%          1
b - Call Imp              Summ           15%        N/A       6%          2
c - Blink                 Tloc           N/A        N/A       11%         2
d - Conjure Flame         Conj/Fire      10%        6-21      21%         3

Your spell library contained the following spells:

 Spells                   Type           Power      Damage    Failure   Level
 Slow                     Hex            5%         N/A       17%         2
 Mephitic Cloud           Conj/Pois/Air  8%         N/A       24%         3
 Olgreb's Toxic Radiance  Pois           5%         N/A       73%         4
 Summon Forest            Summ/Tloc      6%         N/A       83%         5
 Summon Mana Viper        Hex/Summ       10%        N/A       88%         5
 Shadow Creatures         Summ           N/A        N/A       99%         6
 Ozocubu's Refrigeration  Ice            2%         4d5       100%        7
 Ignition                 Fire           2%         3d3       100%        8


Dungeon Overview and Level Annotations

Branches:
Dungeon (3/15)

Altars:

Annotations:
D:3 Ijyb


Message History

An adder comes into view.
Casting: Magic Dart (safe; 4% risk of failure)
Confirm with . or Enter, or press ? or * to list all spells.
A beastly little devil appears in a puff of flame.
The adder hisses angrily.
Casting: Call Imp (safe; 6% risk of failure)
Confirm with . or Enter, or press ? or * to list all spells.
A beastly little devil appears in a puff of frigid air.
The adder bites you. x2
You hit the adder.
The adder is heavily wounded.
The adder closely misses you.
Your white imp gestures at the adder.
The puff of frost hits the adder!
The adder dies!
Your crimson imp disappears in a puff of smoke!
Ijyb the Twisted Goblin comes into view.
She is wielding a +0 dagger, wearing a +0 ring mail of cold resistance and carrying a wand of mindburst (16).
Casting: Call Imp (safe; 6% risk of failure)
Confirm with . or Enter, or press ? or * to list all spells.
A beastly little devil appears in a puff of flame.
Your crimson imp says, "You called?"
You swap places.
You swap places.
What are your orders? t - Shout!
Orders for allies: a - Attack new target. r - Retreat! s - Stop attacking. g - Guard the area. f - Follow me.
Anything else - Cancel.
Gang up on whom?
Press: ? - help, Dir - move target, f - Ijyb
Aim: Ijyb, wielding a +0 dagger, wearing a +0 ring mail of cold resistance and carrying a wand of mindburst (16) (asleep) Attack!
Your crimson imp blinks!
You swap places.
You swap places.
Ijyb grins evilly.
You swap places.
Ijyb zaps a wand.
Your mind is blasted!
Ouch! That really hurt!
You die...

### ..# ## #.# #..
..# #.#####.# #.#
#.#...#.# ##.###
#.g# #..# #.....
#######@#
#.#####..#.#
#.....55#
#.........#.
#.#####.##
##.##.>.....#
#..###..#.#.......
#.#...#..##.....##
#.#####..##.....#
#.# ##.#####.##
... ....##.## ##.
###....###


You could see Ijyb (ally target), a friendly crimson imp (summoned) and a
friendly white imp (summoned).

Vanquished Creatures
  An adder (D:2)
  2 dart slugs (D:3)
  5 bats
  4 endoplasms
  7 goblins
  7 hobgoblins
  6 kobolds
  3 quokkas
  7 ball pythons
  7 frilled lizards
  A rat (D:2)
50 creatures vanquished.

Vanquished Creatures (collateral kills)
  A gnoll (D:1)
  2 adders
  A dart slug (D:2)
  2 ball pythons (D:1)
  An endoplasm (D:2)
  5 frilled lizards (D:1)
12 creatures vanquished.

Grand Total: 62 creatures vanquished

Notes
Turn   | Place    | Note
-------+----------+-------------------------------------------
     0 | D:1      | Ishikawa the Deep Elf Hedge Wizard began the quest for the
                  | Orb.
     0 | D:1      | Reached XP level 1. HP: 10/10 MP: 7/7
   229 | D:1      | Reached XP level 2. HP: 14/15 MP: 9/9
   256 | D:1      | Learned a level 2 spell: Call Imp
   259 | D:1      | Learned a level 2 spell: Blink
   635 | D:1      | Found a faded altar of an unknown god.
   753 | D:1      | Reached skill level 5 in Spellcasting
   790 | D:1      | Reached XP level 3. HP: 16/19 MP: 3/11
  1815 | D:2      | Reached XP level 4. HP: 24/24 MP: 9/13
  2556 | D:3      | Learned a level 3 spell: Conjure Flame
  2966 | D:3      | Noticed Ijyb
  2976 | D:3      | Blown up by Ijyb

Illustrated notes

Levels and vault maps discovered:
D:1:      lightli_arrival_windingriver, layout_basic,
          hellmonk_ecumenical_altar_run_dry, hangedman_abyss_or_decor_stabs,
          minmay_lizard_pond
D:2:      layout_basic, mrwooster_statue_mirror, lightli_corner_chamber
D:3:      minmay_diamond_boxcup, layout_loops_ring,
          nicolae_yredelemnul_corpse_copse, serial_shops, nicolae_diamond_shop,
          uniq_ijyb, uniq_sigmund, uniq_grinder

Skill      XL: |  1  2  3 |
---------------+----------+-----
Spellcasting   | 5 |  5.6
Summonings     | 2 |  2.4
Conjurations   | 2 |  2.3
Fighting       | |  0.1
Short Blades   | |  0.1
Dodging        | |  2.8
Stealth        | |  2.8
Translocations | |  1.1

Action                   |  1- 3 |  4- 6 || total
-------------------------+-------+-------++-------
Melee: Dagger            |    28 |       ||    28
       Short sword       |     9 |    11 ||    20
 Cast: Magic Dart        |    72 |    35 ||   107
       Call Imp          |    11 |     3 ||    14
 Stab: Sleeping          |     1 |       ||     1
Armor: Robe              |     2 |     2 ||     4
Dodge: Dodged            |    32 |     9 ||    41
